 Dungeon Crawl Stone Soup version 0.21.0 (webtiles) character file.

2716 bombasticus the Covered (level 9, -1/55 HPs)
             Began as a Gargoyle Berserker on Jan 16, 2018.
             Was an Elder of Trog.
             Slain by an orc
             ... wielding a +0 hand axe
              (3 damage)
             ... on level 7 of the Dungeon.
             The game lasted 00:35:14 (6061 turns).

bombasticus the Covered (Gargoyle Berserker)        Turns: 6061, Time: 00:35:15

Health: -1/55      AC: 20    Str: 23    XL:     9   Next: 66%
Magic:  9/9        EV: 11    Int:  9    God:    Trog [****..]
Gold:   143        SH:  7    Dex: 11    Spells: 8/8 levels left

rFire    + . .     SeeInvis .   s - -3 trident (curse)
rCold    . . .     Gourm    +   y - +2 buckler
rNeg     + + .     Faith    .   F - +0 pearl dragon scales
rPois    ∞         Spirit   .   (no helmet)
rElec    +         Reflect  .   (no cloak)
rCorr    .         Harm     .   g - +0 pair of gloves
MR       .....                  (no boots)
Stlth    ..........             n - amulet of the gourmand
HPRegen  0.18/turn              E - ring of protection from fire
MPRegen  0.11/turn              C - +2 ring of dexterity

@: berserk cooldown, slowed, very slow
A: negative energy resistance 1, electricity resistance, unbreathing,
petrification resistance, rot immunity, AC +6
a: Berserk, Trog's Hand, Brothers in Arms, Burn Spellbooks, Renounce Religion


You were on level 7 of the Dungeon.
You worshipped Trog.
Trog was greatly pleased with you.
You were very full.

You visited 1 branch of the dungeon, and saw 7 of its levels.
You also visited: Sewer.

You collected 311 gold pieces.
You spent 168 gold pieces at shops.

Inventory:

Hand Weapons
 a - a +0 falchion
 s - a cursed -3 trident (weapon)
 t - a +2 hunting sling of freezing
 u - a +0 whip
 A - a +2 dagger of speed
Armour
 g - a +0 pair of gloves (worn)
 r - a +1 chain mail of cold resistance
 y - a +2 buckler (worn)
 F - +0 pearl dragon scales (worn)
Jewellery
 n - an amulet of the gourmand (around neck)
 p - an uncursed ring of positive energy
 C - a +2 ring of dexterity (right hand)
 E - a ring of protection from fire (left hand)
Scrolls
 e - 2 scrolls of enchant armour {unknown}
 h - 5 scrolls of remove curse
 k - 4 scrolls of identify
 m - 2 scrolls of teleportation
 o - 2 scrolls of magic mapping
 v - a scroll of blinking {unknown}
 w - 2 scrolls of random uselessness {unknown}
 z - a scroll of immolation {unknown}
 D - a scroll of torment {unknown}
Potions
 d - a potion of lignification
 f - a potion of haste {unknown}
 i - 3 potions of curing
 j - 2 potions of berserk rage
 l - 2 potions of might
 q - a potion of invisibility {unknown}
 x - 2 potions of magic
 B - 2 potions of heal wounds
Comestibles
 c - 14 rations


   Skills:
 + Level 6.2 Fighting
 + Level 4.3 Long Blades
 + Level 6.1 Polearms
 + Level 6.2 Armour
 + Level 3.9 Dodging
 + Level 1.0 Stealth
 + Level 6.1 Shields


You had 8 spell levels left.
You didn't know any spells.

Dungeon Overview and Level Annotations

Branches:
Dungeon (7/15)             Temple (0/1) D:6

Altars:
Ashenzari
Elyvilon
Gozag
Hepliaklqana
Sif Muna
Wu Jian
The Shining One

Shops:
D:5 !


Innate Abilities, Weirdness & Mutations

You are resistant to torment.
Your stone body is resilient. (AC +6)
You are immune to poison.
You resist negative energy. (rN+)
You are resistant to electric shocks. (rElec)
You can survive without breathing.
You are immune to petrification.
You are immune to rotting.


Message History

You kill the orc warrior!
Trog accepts your kill.
Your Polearms skill increases to level 6!
Your Shields skill increases to level 6!
You hit the orc.
The orc is heavily wounded.
You puncture the orc!
You kill the orc!
Trog accepts your kill.
You impale the orc priest!!
You kill the orc priest!
Trog accepts your kill.
You are no longer berserk.
You are exhausted.
You feel yourself slow down. The orc closely misses you.
Items here: )) [[ †† You hit the orc but do no damage.
The orc hits you but does no damage.
You barely miss the orc. The orc barely misses you.
The orc hits you with a hand axe.
You die...

.##.########
......o@...#
#.....####.######
##... #..[...#
##. ######.# #
#.# #.### #...#
###.# #####.#####


You could see an orc.

Vanquished Creatures
  Pikel (D:5)
  A hippogriff (D:7)
  Menkaure (D:5)
  Edmund (D:5)
  Duvessa (D:5)
  A sky beast (D:6)
  2 orc warriors
  4 ogres
  3 bullfrogs
  Dowan (D:5)
  A howler monkey (D:6)
  A crimson imp (D:6)
  7 orc priests
  11 orc wizards
  Jessica (D:3)
  Natasha (twice) (D:3)
  2 iguanas
  2 worker ants
  3 gnolls (D:4)
  12 adders
  A white imp (D:4)
  10 oozes
  A worm (D:3)
  17 leopard geckos
  30 orcs
  4 bats
  20 giant cockroaches
  8 goblins
  6 hobgoblins
  4 jackals
  3 quokkas
  9 ball pythons
  21 frilled lizards
  A goblin skeleton (D:4)
  7 kobolds
  A kobold skeleton (D:4)
  A kobold zombie (D:4)
  2 leopard gecko zombies (D:4)
  An orc skeleton (D:4)
  2 orc zombies (D:4)
  5 rats
212 creatures vanquished.

Vanquished Creatures (others)
  2 slaves (D:5)
  An ogre (D:5)
  Ijyb (D:5)
  A worker ant (D:5)
  An ooze (D:5)
  2 orcs (D:5)
8 creatures vanquished.

Grand Total: 220 creatures vanquished

Notes
Turn   | Place    | Note
-------+----------+-------------------------------------------
     0 | D:1      | bombasticus the Gargoyle Berserker began the quest for the Orb.
     0 | D:1      | Reached XP level 1. HP: 14/14 MP: 1/1
   185 | D:1      | Reached XP level 2. HP: 19/19 MP: 2/2
   574 | D:2      | Reached XP level 3. HP: 23/23 MP: 3/3
  1115 | D:2      | Reached ** piety under Trog
  1115 | D:2      | Reached XP level 4. HP: 29/29 MP: 4/4
  1461 | D:3      | Noticed Jessica
  1471 | D:3      | Killed Jessica
  1471 | D:3      | Reached XP level 5. HP: 33/33 MP: 5/5
  1567 | D:3      | Found a white marble altar of Elyvilon.
  1621 | D:3      | Noticed Natasha
  1628 | D:3      | Killed Natasha
  1954 | D:3      | Noticed Natasha
  1954 | D:3      | Reached skill level 1 in Polearms
  1954 | D:3      | Reached XP level 6. HP: 39/39 MP: 6/6
  1966 | D:3      | Killed Natasha
  2157 | D:4      | Found an opulent altar of Gozag.
  2269 | D:4      | Found a glowing golden altar of the Shining One.
  2378 | D:4      | Found a deep blue altar of Sif Muna.
  2392 | D:4      | Reached skill level 1 in Shields
  2550 | D:4      | Reached XP level 7. HP: 42/44 MP: 7/7
  2750 | D:4      | Reached *** piety under Trog
  2760 | D:4      | Found a hazy altar of Hepliaklqana.
  2965 | D:5      | Entered Level 5 of the Dungeon
  2982 | D:5      | Noticed Pikel
  3060 | D:5      | Killed Pikel
  3060 | D:5      | Reached XP level 8. HP: 17/48 MP: 8/8
  3070 | D:5      | Noticed Menkaure
  3071 | D:5      | Noticed Edmund
  3081 | D:5      | Killed Menkaure
  3081 | D:5      | Reached skill level 5 in Fighting
  3081 | D:5      | Reached skill level 5 in Armour
  3098 | D:5      | Killed Edmund
  3109 | D:5      | Killed Ijyb
  3356 | D:5      | Found an ornate altar of the Wu Jian Council.
  3572 | D:5      | Found a shattered altar of Ashenzari.
  3577 | D:5      | Noticed Dowan
  3592 | D:5      | Noticed Duvessa
  3596 | D:5      | Killed Dowan
  3607 | D:5      | Killed Duvessa
  3701 | D:5      | Found Daqaex's Distillery.
  3719 | D:5      | Bought a potion of degeneration for 14 gold pieces
  3719 | D:5      | Bought a potion of heal wounds for 70 gold pieces
  3719 | D:5      | Bought a potion of curing for 42 gold pieces
  3719 | D:5      | Bought a potion of curing for 42 gold pieces
  3773 | D:6      | Found a glowing drain.
  3825 | Sewer    | Entered a sewer
  4448 | Sewer    | Reached **** piety under Trog
  4638 | D:6      | Reached XP level 9. HP: 43/54 MP: 9/9
  4697 | D:6      | Reached skill level 5 in Shields
  4949 | D:6      | Reached skill level 5 in Polearms
  5389 | D:6      | Found a staircase to the Ecumenical Temple.
  5703 | D:7      | Reached skill level 1 in Stealth
  6054 | D:7      | HP: 2/82 [orc priest/divine providence (13)]
  6061 | D:7      | Slain by an orc

Skill      XL: |  1  2  3  4  5  6  7  8  9 |
---------------+----------------------------+-----
Long Blades    | 3 4 |  4.3
Fighting       | 4 5 6 |  6.2
Dodging        | 2 3 |  3.9
Armour         | 3 4 5 6 |  6.2
Polearms       | 1 2 3 4 6 |  6.1
Shields        | 1 3 4 6 |  6.1
Stealth        | 1 |  1.0

Action                   |  1- 3 |  4- 6 |  7- 9 || total
-------------------------+-------+-------+-------++-------
Melee: Falchion          |   110 |    44 |       ||   154
       Trident           |       |   227 |  1032 ||  1259
Invok: Berserk           |       |     6 |    11 ||    17
       Trog's Hand       |       |       |     5 ||     5
       Burn Spellbooks   |       |       |     1 ||     1
  Use: Potion            |       |       |     2 ||     2
       Scroll            |       |       |     6 ||     6
  Eat: Chunk             |     9 |    15 |    26 ||    50
Armor: Scale mail        |    61 |    14 |       ||    75
       Animal skin       |     1 |       |       ||     1
       Chain mail        |       |   251 |   893 ||  1144
       Skin              |       |       |   107 ||   107
       Pearl dragon scal |       |       |     4 ||     4
Dodge: Dodged            |    75 |   170 |   655 ||   900
Block: Buckler           |       |    58 |   484 ||   542
       Rpst.: Falchion   |    21 |     9 |       ||    30
